 Seeded DCSS version 0.28-a0-1616-g050a50673c (webtiles) character file.

Game seed: 12425884775959184874 (custom seed)

4044 Zonian the Nimble (level 10, -3/60 HPs)
             Began as a Djinni Ice Elementalist on Jan 23, 2022.
             Was a Believer of the Shining One.
             Slain by a killer bee (6 damage)
             ... on level 8 of the Dungeon.
             The game lasted 00:25:19 (16787 turns).

Zonian the Nimble (Djinni Ice Elementalist)        Turns: 16787, Time: 00:25:20

Health: -3/60      AC: -1    Str: 13    XL:     10   Next: 48%
Gold:   302        EV: 16    Int: 21    God:    the Shining One [**....] SH:  0 Dex: 17

rFire   + + .      SeeInvis .   x - +7 spear (venom)
rCold   x . .      Faith    .   (no shield)
rNeg    + . .      Spirit   .   a - +0 robe
rPois   ∞          Reflect  .   u - +0 hat {Int+3}
rElec   .          Harm     .   y - +0 cloak
rCorr   .          Rampage  .   (no gloves)
Will    +....                   (boots unavailable)
Stlth   ++........              (no amulet)
HPRegen 0.20/turn               c - ring of wizardry
MPRegen 0.00/turn               g - +6 ring of strength

@: corroded, flying, glowing
A: sickness immunity, fire resistance 2, cold vulnerability 1, float, innate
caster, hp casting, extra vitality 1
a: Renounce Religion, Divine Shield


You were on level 8 of the Dungeon.
You worshipped the Shining One.
The Shining One was pleased with you.
You visited 1 branch of the dungeon, and saw 8 of its levels.

You collected 302 gold pieces.

Inventory:

Hand Weapons
 e - a +0 dagger
 i - the +9 dagger of the Mind {vorpal, rF+ MP+9}
   (You found it on level 4 of the Dungeon)

   It inflicts extra damage upon your enemies.
   rF:        It protects you from fire.
   MP:        It affects your magic capacity (+9).
 s - a +0 hand crossbow
 x - a +7 spear of venom (weapon)
 B - a +0 dagger of venom
Missiles
 f - 76 bolts
 h - 8 boomerangs of dispersal
 n - 68 sling bullets
 w - 11 poisoned darts
Armour
 a - a +0 robe (worn)
 u - a +0 hat of intelligence (worn)
 v - a +0 leather armour
 y - a +0 cloak (worn)
Magical Staves
 j - a staff of air
Jewellery
 c - a ring of wizardry (left hand)
 g - a +6 ring of strength (right hand)
Wands
 b - a wand of flame (12)
Scrolls
 k - 3 scrolls of fear
 z - a scroll of magic mapping
Potions
 d - 4 potions of curing
 l - 3 potions of degeneration
 m - 3 potions of lignification {unknown}
 o - a potion of magic {unknown}
 p - 2 potions of cancellation {unknown}
 q - a potion of flight {unknown}
 r - 2 potions of heal wounds
 t - 2 potions of mutation {unknown}
 A - a potion of might {unknown}
 C - a potion of attraction {unknown}


   Skills:
 + Level 3.4 Polearms
 + Level 8.0 Dodging
 + Level 6.5 Stealth
 + Level 6.3 Spellcasting
 + Level 6.5 Invocations


You had one spell level left.
You knew the following spells:

 Your Spells              Type           Power      Damage    Failure   Level
a - Freeze                Ice            100%       1d11      1%          1
b - Frozen Ramparts       Ice            66%        1d8       1%          3
c - Ozocubu's Armour      Ice            33%        N/A       1%          3
d - Hailstorm             Conj/Ice       33%        3d8       2%          4
e - Foxfire               Conj/Fire      100%       2x1d9     1%          1
f - Searing Ray           Conj           66%        2d6       1%          2
g - Teleport Other        Tloc           33%        N/A       1%          3
h - Portal Projectile     Hex/Tloc       66%        N/A       1%          3
Your spell library was empty.

Dungeon Overview and Level Annotations

Branches:
Dungeon (8/15)             Temple (0/1) D:6
   Lair: D:8-11

Altars:
Fedhas
The Shining One

Annotations:
D:3 exclusion: oklob plant


Innate Abilities, Weirdness & Mutations

You are immune to sickness and miasma.
You are immune to poison.
Your flesh is very heat resistant. (rF++)
You are vulnerable to cold. (rC-)
You float through the air rather than walking.
You learn spells naturally, not from books.
Your magical power is your life essence.
You have superior vitality. (+4 MHP)


Message History

The orc wizard hits you but does no damage.
You barely miss the orc wizard.
The orc wizard is moderately wounded.
The orc wizard hits you but does no damage.
You puncture the orc wizard!
You kill the orc wizard!
Reactivating autopickup.
Things that are here:
a +0 dagger; a +0 robe Unknown command.
HP restored.
An acid dragon comes into view.
An acid dragon is nearby!
Unknown command.
The acid dragon roars!
You hear an angry buzzing noise. x2
A killer bee comes into view. x4
The killer bee buzzes angrily.
You hear an angry buzzing noise.
A killer bee comes into view.
The killer bee closely misses you. The killer bee stings you.
The killer bee barely misses you. The killer bee closely misses you.
The killer bee barely misses you. The acid dragon spits acid at you.
The splash of acid hits you!! The acid corrodes you!
The killer bee completely misses you. The killer bee barely misses you.
The killer bee closely misses you. The killer bee closely misses you.
The killer bee stings you! The killer bee completely misses you.
The killer bee stings you. The killer bee closely misses you.
There is a stone staircase leading up here.
Unknown command.
The killer bee stings you!
* * * LOW HITPOINT WARNING * * *
The killer bee stings you.
* * * LOW HITPOINT WARNING * * *
The killer bee stings you!
* * * LOW HITPOINT WARNING * * *
The killer bee closely misses you. The killer bee stings you.
You die...

....######................#.....
..........................#.....
..........................##....
#..##..##................#####'
##..##..##..D.............#.....
#.........)...............#.....
#.........................#.....
##..#.........yyy.........#.....
####...##....y@y........>##....
######...............)##....
#...........................
#..................[........
#...........................
##..#...##.######.#...#.....
######'##.##.##############
#.....'(...# ##.....#....#


You could see an acid dragon and 5 killer bees.

Vanquished Creatures
  A deep elf pyromancer (D:8)
  Joseph (D:7)
  Sigmund (D:5)
  2 yaks (D:5)
  2 water moccasins (D:5)
  A hornet zombie (D:6)
  2 orc warriors
  A sky beast (D:6)
  2 ice beasts
  An ogre (D:4)
  2 necrophages (D:5)
  4 centaurs
  A kobold brigand (D:8)
  A bullfrog (D:7)
  A water moccasin zombie (D:5)
  A gnoll sergeant (D:5)
  A scorpion (D:7)
  3 water moccasin skeletons
  7 killer bees
  A howler monkey (D:8)
  A centaur zombie (D:8)
  5 hounds
  An orc priest (D:3)
  Crazy Yiuf (D:5)
  A bullfrog skeleton (D:5)
  A centaur skeleton (D:6)
  A gnoll shaman (D:8)
  3 iguanas
  6 orc wizards
  A howler monkey zombie (D:8)
  4 gnolls (D:5)
  4 adders
  An ufetubus (D:4)
  2 dart slugs
  13 orcs
  5 bats
  12 endoplasms
  3 giant cockroaches
  6 goblins
  5 hobgoblins
  5 jackals
  3 quokkas
  4 ball pythons
  5 frilled lizards
  6 kobolds
  5 rats
140 creatures vanquished.

Vanquished Creatures (others)
  42 foxfires
42 creatures vanquished.

Grand Total: 182 creatures vanquished

Notes
Turn   | Place    | Note
-------+----------+-------------------------------------------
     0 | D:1      | Zonian the Djinni Ice Elementalist began the quest for the
                  | Orb.
     0 | D:1      | Reached XP level 1. HP: 15/15 MP: 0/0
   415 | D:1      | Reached XP level 2. HP: 15/21 MP: 0/0
  1105 | D:1      | Reached XP level 3. HP: 20/25 MP: 0/0
  1105 | D:1      | Learned a level 1 spell: Foxfire
  2278 | D:2      | Reached skill level 3 in Dodging
  2394 | D:2      | Found a faded altar of an unknown god.
  2414 | D:2      | Prayed at the altar of an unknown god.
  2414 | D:2      | Became a worshipper of the Shining One
  2414 | D:2      | Reached * piety under the Shining One
  2451 | D:2      | Reached XP level 4. HP: 18/31 MP: 0/0
  3842 | D:3      | Reached XP level 5. HP: 15/35 MP: 0/0
  3842 | D:3      | Learned a level 2 spell: Searing Ray
  3982 | D:3      | Reached skill level 1 in Invocations
  5297 | D:3      | Found a blossoming altar of Fedhas.
  5315 | D:3      | Noticed an oklob plant
  6587 | D:4      | HP: 1/35 [water moccasin skeleton (7)]
  6592 | D:4      | Reached XP level 6. HP: 14/40 MP: 0/0
  7064 | D:4      | Identified the +9 dagger of the Mind {vorpal, rF+ MP+9}
  7662 | D:4      | Reached skill level 4 in Dodging
  7976 | D:4      | Noticed an ogre
  7991 | D:4      | Killed an ogre
  8263 | D:5      | Entered Level 5 of the Dungeon
  8271 | D:5      | Noticed a necrophage
  8280 | D:5      | Killed a necrophage
  8281 | D:5      | Reached XP level 7. HP: 31/45 MP: 0/0
  8281 | D:5      | Learned a level 3 spell: Teleport Other
  8647 | D:5      | Noticed a water moccasin
  8662 | D:5      | Killed a water moccasin
  8853 | D:5      | Reached skill level 5 in Dodging
  8859 | D:5      | Identified a scroll of acquirement
  8859 | D:5      | Acquired a +0 hat of intelligence
  8933 | D:5      | Noticed Sigmund
  8946 | D:5      | Killed Sigmund
  8947 | D:5      | Reached XP level 8. HP: 50/50 MP: 0/0
  9013 | D:5      | Found a runed translucent door.
  9014 | D:5      | Noticed Crazy Yiuf
  9636 | D:5      | Reached skill level 5 in Spellcasting
  9735 | D:5      | Reached ** piety under the Shining One
 10263 | D:5      | Reached skill level 6 in Dodging
 10596 | D:5      | Reached skill level 5 in Stealth
 10596 | D:5      | Reached XP level 9. HP: 50/55 MP: 0/0
 10596 | D:5      | Learned a level 3 spell: Portal Projectile
 10713 | D:5      | Killed Crazy Yiuf
 11391 | D:6      | Found a staircase to the Ecumenical Temple.
 11574 | D:6      | Reached skill level 1 in Polearms
 11574 | D:6      | Reached skill level 5 in Invocations
 13551 | D:7      | Noticed Joseph
 13622 | D:7      | Killed Joseph
 13623 | D:7      | Reached skill level 7 in Dodging
 14267 | D:7      | Reached XP level 10. HP: 60/60 MP: 0/0
 15235 | D:8      | Noticed a deep elf pyromancer
 15917 | D:8      | Killed a deep elf pyromancer
 16133 | D:8      | Reached skill level 8 in Dodging
 16787 | D:8      | HP: 3/60 [killer bee (10)]
 16787 | D:8      | Slain by a killer bee

Illustrated notes

Levels and vault maps discovered:
D:1:      amcnicky_arrival_abandoned_market, layout_basic
D:2:      layout_basic, shapermc_ecumenical_altar_rom_forum
D:3:      layout_basic, tgw_fedhas, minivault_4
D:4:      layout_cave_pools
D:5:      layout_basic, uniq_sigmund, uniq_crazy_yiuf_cottage
D:6:      layout_cave_pools, temple_statues
D:7:      layout_rooms, minivault_26, uniq_joseph
D:8:      layout_gridville, minmay_fractal_squares_5

Skill      XL: |  1  2  3  4  5  6  7  8  9 10 |
---------------+-------------------------------+-----
Stealth        | 2 3 4 5 6 |  6.5
Dodging        | 3 4 5 6 7 8 |  8.0
Invocations    | 1 2 3 4 5 6 |  6.5
Spellcasting   | 4 5 6 |  6.3
Polearms       | 2 3 |  3.4

Action                   |  1- 3 |  4- 6 |  7- 9 | 10-12 || total
-------------------------+-------+-------+-------+-------++-------
Melee: Dagger            |    36 |   106 |    87 |       ||   229
       Unarmed           |     2 |       |       |       ||     2
       Punch             |     2 |       |     3 |       ||     5
       Spear             |       |       |    50 |    64 ||   114
 Cast: Freeze            |    37 |    10 |       |       ||    47
       Foxfire           |     7 |     6 |       |     9 ||    22
       Frozen Ramparts   |       |     8 |     8 |     4 ||    20
       Searing Ray       |       |     9 |     7 |     2 ||    18
       Teleport Other    |       |       |     2 |       ||     2
       Ozocubu's Armour  |       |       |     2 |       ||     2
       Hailstorm         |       |       |     1 |       ||     1
Evoke: Wand              |       |       |     7 |     1 ||     8
  Use: Scroll            |       |     6 |     4 |     4 ||    14
       Potion            |       |     3 |     1 |       ||     4
 Stab: Sleeping          |     3 |       |       |       ||     3
Armor: Robe              |    13 |    33 |    20 |    11 ||    77
Dodge: Dodged            |    35 |    93 |   109 |    56 ||   293

Table legend: (Time is in decaauts)
 A = Elapsed time spent in this place.
 B = Non-inter-level travel time spent in this place.
 C = Inter-level travel time spent in this place.
 D = Time resting spent in this place.
 E = Time spent auto-exploring this place.
 F = Levels seen in this place.
 G = Mean time per level.
                   A        B        C        D        E       F      G
               +--------+--------+--------+--------+--------+-----+--------+
         Total |  16803 |  16376 |    427 |  10229 |   4157 |   8 | 2100.4 |
       Dungeon |  16803 |  16376 |    427 |  10229 |   4157 |   8 | 2100.4 |
               +--------+--------+--------+--------+--------+-----+--------+

Top non-repeatable levels by time:
     D:5: 3378 daAuts
     D:3: 2799 daAuts
     D:4: 2287 daAuts
     D:1: 2176 daAuts
     D:7: 2144 daAuts
     D:2: 1597 daAuts
     D:6: 1488 daAuts
     D:8: 930 daAuts
